 Dungeon Crawl Stone Soup version 0.22.0-27-ga576289 (webtiles) character file.

71 Lew the Skirmisher (level 4, -1/29 HPs)
             Began as a Gargoyle Abyssal Knight on Aug 21, 2018.
             Was a Follower of Lugonu.
             Slain by a gnoll
             ... wielding a +0 halberd
              (9 damage)
             ... on level 2 of the Dungeon.
             The game lasted 00:03:06 (898 turns).

Lew the Skirmisher (Gargoyle Abyssal Knight)         Turns: 898, Time: 00:03:07

Health: -1/29      AC: 12    Str: 15    XL:     4   Next: 24%
Magic:  5/5        EV:  9    Int: 13    God:    Lugonu [*.....]
Gold:   28         SH:  0    Dex: 10    Spells: 3/3 levels left

rFire    + + .     SeeInvis .   f - +1 battleaxe (curse)
rCold    x . .     Gourm    .   (shield currently unavailable)
rNeg     + . .     Faith    .   d - +0 fire dragon scales
rPois    ∞         Spirit   .   (no helmet)
rElec    +         Reflect  .   (no cloak)
rCorr    .         Harm     .   (no gloves)
MR       .....                  (no boots)
Stlth    ..........             (no amulet)
HPRegen  0.09/turn              l - +3 ring of slaying
MPRegen  0.09/turn              (no ring)

@: no status effects
A: negative energy resistance 1, electricity resistance, unbreathing,
petrification resistance, rot immunity, AC +3
a: Depart the Abyss, Renounce Religion


You were on level 2 of the Dungeon.
You worshipped Lugonu.
Lugonu was aware of your devotion.
You were not hungry.

You visited 1 branch of the dungeon, and saw 2 of its levels.
You visited the Abyss 1 time.

You collected 28 gold pieces.

Inventory:

Hand Weapons
 a - a +1 falchion
 f - a cursed +1 battleaxe (weapon)
Armour
 b - a +0 leather armour
 d - +0 fire dragon scales (worn)
Jewellery
 l - a +3 ring of slaying (left hand)
Miscellaneous
 e - a phial of floods
Comestibles
 c - 3 rations


   Skills:
 + Level 3.7 Fighting
 - Level 1.7 Long Blades
 * Level 1.3 Axes
 + Level 2.9 Armour
 + Level 1.5 Dodging
 - Level 1.0 Stealth
 + Level 2.3 Invocations


You had 3 spell levels left.
You didn't know any spells.
Your spell library was empty.

Dungeon Overview and Level Annotations

Branches:
Dungeon (2/15)

Altars:
Nemelex Xobeh


Innate Abilities, Weirdness & Mutations

You are resistant to torment.
Your stone body is resilient. (AC +3)
You are immune to poison.
You resist negative energy. (rN+)
You are resistant to electric shocks. (rElec)
You can survive without breathing.
You are immune to petrification.
You are immune to rotting.


Message History

You closely miss the gnoll.
The gnoll is heavily wounded.
The bat barely misses you. The gnoll barely misses you.
Your fire dragon scales prevents you from hitting the gnoll.
The gnoll is heavily wounded.
The bat barely misses you. The gnoll hits you with a halberd!
* * * LOW HITPOINT WARNING * * *
The gnoll barely misses you.
You barely miss the gnoll.
The gnoll is heavily wounded.
The bat hits you but does no damage. The gnoll barely misses you.
You aren't carrying any potions.
You hit the gnoll.
The gnoll is almost dead.
The bat hits you but does no damage. The gnoll closely misses you.
You barely miss the gnoll.
The gnoll is almost dead.
The bat barely misses you. The gnoll hits you but does no damage.
The gnoll hits you with a halberd!
You die...

...........
.........$
..........
.....)...
.........
#.b......
#g)...... #@#
.. #.# ..#
#########.#..#
#>..........#
.[.......####
.........#
.........#
.........#
.........#


You could see a gnoll and a bat.

Vanquished Creatures
  2 gnolls (D:2)
  An adder (D:2)
  An ooze (D:2)
  2 dart slugs (D:1)
  3 leopard geckos
  2 bats (D:1)
  A giant cockroach (D:1)
  6 hobgoblins (D:1)
  2 frilled lizards (D:1)
  6 goblins (D:1)
  3 kobolds (D:1)
  3 rats
32 creatures vanquished.

Notes
Turn   | Place    | Note
-------+----------+-------------------------------------------
     0 | Abyss:1  | Lew the Gargoyle Abyssal Knight began the quest for the Orb.
     0 | Abyss:1  | Reached XP level 1. HP: 14/14 MP: 2/2
    24 | Abyss:2  | Noticed a quasit
    26 | Abyss:2  | Noticed an iron imp
    51 | D:1      | Escaped the Abyss
   154 | D:1      | Reached skill level 1 in Dodging
   154 | D:1      | Reached XP level 2. HP: 16/19 MP: 3/3
   194 | D:1      | Reached * piety under Lugonu
   196 | D:1      | Reached XP level 3. HP: 14/23 MP: 4/4
   393 | D:1      | Reached skill level 1 in Axes
   542 | D:1      | Found a sparkling altar of Nemelex Xobeh.
   885 | D:2      | Reached skill level 1 in Stealth
   885 | D:2      | Reached XP level 4. HP: 27/29 MP: 5/5
   898 | D:2      | Slain by a gnoll

Skill      XL: |  1  2  3 |
---------------+----------+-----
Dodging        | 1 |  1.5
Axes           | 1 |  1.3
Stealth        | 1 |  1.0
Fighting       | |  3.7
Long Blades    | |  1.7
Armour         | |  2.9
Invocations    | |  2.3

Action                   |  1- 3 |  4- 6 || total
-------------------------+-------+-------++-------
Melee: Battleaxe         |    86 |    12 ||    98
Invok: Depart the Abyss  |     1 |       ||     1
  Use: Potion            |     3 |       ||     3
       Scroll            |     2 |       ||     2
Armor: Leather armour    |    19 |       ||    19
       Fire dragon scale |    81 |    13 ||    94
Dodge: Dodged            |    80 |    19 ||    99
       Rpst.: Falchion   |     1 |       ||     1
